 Dungeon Crawl Stone Soup version 0.29-a0-43-g62a80824bf (webtiles) character file.

Game seed: 6915501141031294245

7931 Orangeyouglad the Destroyer (level 11, -8/60 HPs)
             Began as a Tengu Conjurer on Jan 31, 2022.
             Was a Follower of Vehumet.
             Shot with an arrow by a centaur warrior (19 damage)
             ... on level 10 of the Dungeon on Feb 2, 2022.
             The game lasted 00:47:55 (15297 turns).

Orangeyouglad the Destroyer (Tengu Conjurer)       Turns: 15297, Time: 00:47:56

Health: -8/60      AC:  4    Str: 12    XL:     11   Next: 23%
Magic:  21/29      EV: 21    Int: 19    God:    Vehumet [*.....]
Gold:   444        SH:  0    Dex: 18    Spells: 6/20 levels left

rFire   . . .      SeeInvis .   b - staff of air
rCold   . . .      Faith    .   (no shield)
rNeg    . . .      Spirit   .   a - +0 robe
rPois   .          Reflect  .   (helmet restricted)
rElec   +          Harm     .   C - +0 cloak
rCorr   .          Rampage  .   F - +0 pair of gloves
Will    .....                   (boots unavailable)
Stlth   +++.......              s - amulet of the acrobat
HPRegen 0.20/turn               p - +6 ring of dexterity
MPRegen 0.21/turn               f - ring of magical power

@: flying quickly and evasively, very slightly contaminated, quick
A: beak, talons 3, nimble flight
a: Renounce Religion


You were on level 10 of the Dungeon.
You worshipped Vehumet.
Vehumet was aware of your devotion.
You visited 2 branches of the dungeon, and saw 11 of its levels.

You collected 486 gold pieces.
You spent 42 gold pieces at shops.

Inventory:

Hand Weapons
 g - a +2 dagger of electrocution
Missiles
 q - a silver boomerang
Armour
 a - a +0 robe (worn)
 x - the +3 scale mail of the Two of Pentacles {-Tele rC++}
   (You found it on level 5 of the Dungeon)

   rC:        It greatly protects you from cold.
   -Tele:     It prevents most forms of teleportation.
 C - a +0 cloak (worn)
 F - a +0 pair of gloves (worn)
Magical Staves
 b - a staff of air (weapon)
Jewellery
 d - a ring of poison resistance
 f - a ring of magical power (right hand)
 l - a ring of willpower
 o - a ring of positive energy
 p - a +6 ring of dexterity (left hand)
 s - an amulet of the acrobat (around neck)
 D - a ring of positive energy
 E - a +6 ring of strength
 I - an amulet of regeneration
Wands
 m - a wand of digging (10)
 t - a wand of acid (9)
 G - a wand of flame (24)
 J - a wand of mindburst (5)
Scrolls
 c - 3 scrolls of silence
 h - 4 scrolls of blinking
 i - 4 scrolls of enchant weapon
 j - a scroll of fog
 k - 3 scrolls of amnesia
 n - a scroll of brand weapon
 r - 3 scrolls of teleportation
 v - 2 scrolls of magic mapping
 w - 4 scrolls of fear
 y - 3 scrolls of vulnerability
 K - a scroll of noise {unknown}
Potions
 e - 2 potions of curing
 u - 3 potions of attraction
 z - a potion of resistance
 A - a potion of lignification
 B - a potion of cancellation
 H - a potion of heal wounds
 L - a potion of brilliance {unknown}


   Skills:
 + Level 3.2 Fighting
 + Level 9.6 Dodging
 - Level 5.0 Stealth
 + Level 5.3 Spellcasting
 + Level 12.3 Conjurations
 - Level 5.4 Ice Magic
 + Level 8.9 Air Magic


You had 6 spell levels left.
You knew the following spells:

 Your Spells              Type           Power      Damage    Failure   Level
a - Magic Dart            Conj           100%       1d8       1%          1
b - Searing Ray           Conj           100%       2d8       1%          2
c - Hailstorm             Conj/Ice       38%        3d9       3%          4
d - Airstrike             Air            28%        N/A       3%          4
e - Swiftness             Air            56%        N/A       1%          3

Your spell library contained the following spells:

 Spells                   Type           Power      Damage    Failure   Level
 Foxfire                  Conj/Fire      100%       2x1d9     1%          1
 Freeze                   Ice            100%       1d11      1%          1
 Shock                    Conj/Air       100%       1d9       1%          1
 Dazzling Flash           Conj/Hex       56%        N/A       2%          3
 Stone Arrow              Conj/Erth      56%        3d10      2%          3
 Frozen Ramparts          Ice            50%        1d7       4%          3
 Fulminant Prism          Conj/Hex       14%        3d9       10%         4
 Iskenderun's Mystic Bla  Conj/Tloc      28%        2d7       10%         4
 Slow                     Hex            20%        N/A       12%         1
 Confusing Touch          Hex            5%         N/A       34%         3
 Vampiric Draining        Necr           5%         2d6       34%         3
 Animate Armour           Summ/Erth      10%        N/A       75%         4
 Iron Shot                Conj/Erth      14%        9d4       82%         6
 Blade Hands              Tmut           2%         N/A       97%         5
 Lehudib's Crystal Spear  Conj/Erth      14%        10d5      100%        8


Dungeon Overview and Level Annotations

Branches:
Dungeon (10/15)            Temple (1/1) D:5
   Lair: D:8-11         Orc: D:9-12

Altars:
Ashenzari
Cheibriados
Dithmenos
Elyvilon
Fedhas
Gozag
Hepliaklqana
Kikubaaqudgha
Makhleb
Nemelex Xobeh
Okawaru
Qazlal
Ru
Sif Muna
Trog
Uskayaw
Vehumet
Wu Jian
Xom
Yredelemnul
Zin
The Shining One

Shops:
D:1 *   D:2 [   D:9 *

Annotations:
D:4 3 runed translucent doors, DrKleor's ghost, amateur DsFi
D:8 4 runed translucent doors


Innate Abilities, Weirdness & Mutations

You have a beak for a mouth.
You have claws for feet.
Your magical nature lets you fly swiftly and evasively.


Message History

You feel a surge of power!
The air twists around and strikes the troll!
The troll is severely wounded.
The troll closely misses you. The troll claws you. The troll barely misses you.
The centaur shoots an arrow.
The arrow hits you.
There is a stone staircase leading up, spattered with blood here.
You fly upwards.
There is a stone staircase leading down here.
You start resting.
Magic restored.
You start resting.
HP restored.
There is an open door here.
There is a stone staircase leading down here.
You fly downwards.
There is a stone staircase leading up here.
A centaur warrior is nearby!
Casting: Airstrike (dangerous; 3% risk of failure)
Confirm with . or Enter, or press ? or * to list all spells.
Aiming: Airstrike (dangerous; 3% risk of failure)
Press: ? - help, Dir - move target, f - centaur warrior
Aim: a centaur warrior, wielding a +0 shortbow and quivering arrows (wandering, hasn't noticed you, empty space bonus: 5/8)
You feel a surge of power!
You miscast Airstrike.
You are very lightly contaminated with residual magic.
Nothing appears to happen.
The centaur warrior shoots an arrow.
The arrow completely misses you.
The centaur warrior shoots an arrow.
The arrow hits you!!
The centaur warrior shoots an arrow.
The arrow hits you.
Casting: Airstrike (dangerous; 3% risk of failure)
Confirm with . or Enter, or press ? or * to list all spells.
Aiming: Airstrike (dangerous; 3% risk of failure)
Press: ? - help, Dir - move target, f/p - centaur warrior
Aim: a centaur warrior, wielding a +0 shortbow and quivering arrows (empty space bonus: 5/8)
You feel a surge of power!
The air twists around and strikes the centaur warrior!
The centaur warrior is lightly wounded.
The centaur warrior shoots an arrow.
The arrow hits you!!
* * * LOW HITPOINT WARNING * * *
The centaur warrior shoots an arrow.
The arrow hits you!!
You die...

#..######.##..# #....
#.............# #....
#.............# #....
#.............# #(...
#.......>.....###########....
#............................
#...<.######c#############...
#.....##..#..# ♣.♣
#.(.........@# ..
#............# ♣
#............# #.....######.#
♣ ###'####......# .#
#.............# ♣Y♣
#...........Z.#♣.♣ ♣#♣
#.............#.♣♣♣..
#.............#♣.♣.♣


You could see a centaur warrior and a centaur zombie (wandering).

Vanquished Creatures
  2 two-headed ogres (D:9)
  A centaur warrior (D:10)
  Pikel (D:6)
  A cyclops (D:10)
  An unseen horror (D:10)
  Prince Ribbit (D:9)
  Sigmund (D:2)
  Grum (D:9)
  A wyvern (D:9)
  2 yaks (D:5)
  An acid dragon (D:9)
  A water moccasin (D:7)
  A sky beast (D:8)
  An ice beast (D:6)
  A necrophage (D:7)
  2 wolves (D:9)
  2 ogres (D:6)
  3 centaurs
  2 phantoms
  A lemure (D:6)
  A kobold brigand (D:9)
  3 bullfrogs (D:9)
  A gnoll sergeant (D:5)
  3 wyvern zombies
  3 scorpions
  A wyvern skeleton (D:7)
  2 killer bees (D:10)
  A wight (D:10)
  3 howler monkeys
  5 crimson imps (D:10)
  4 centaur zombies
  4 hounds
  2 gnoll shamans
  2 jellies
  An orc priest (D:3)
  3 iguanas
  A bullfrog skeleton (D:7)
  3 orc wizards
  A killer bee zombie (D:9)
  3 howler monkey zombies
  Robin (D:2)
  8 gnolls
  8 adders
  2 white imps
  4 dart slugs
  21 orcs
  5 endoplasms
  2 giant cockroaches (D:4)
  8 hobgoblins
  3 jackals (D:5)
  7 quokkas
  11 ball pythons
  10 bats
  13 frilled lizards
  13 goblins
  14 kobolds
  3 rats
207 creatures vanquished.

Vanquished Creatures (others)
  12 plants
12 creatures vanquished.

Grand Total: 219 creatures vanquished

Notes
Turn   | Place    | Note
-------+----------+-------------------------------------------
     0 | D:1      | Orangeyouglad the Tengu Conjurer began the quest for the
                  | Orb.
     0 | D:1      | Reached XP level 1. HP: 10/10 MP: 4/4
   195 | D:1      | Reached XP level 2. HP: 13/15 MP: 0/6
   198 | D:1      | Learned a level 2 spell: Searing Ray
   587 | D:1      | Found Ottofimo's Assorted Antiques.
   802 | D:1      | Reached XP level 3. HP: 19/19 MP: 3/7
  1395 | D:2      | Noticed Sigmund
  1676 | D:2      | Found Ohepuzui's Armour Boutique.
  1699 | D:2      | Reached XP level 4. HP: 21/24 MP: 8/8
  1762 | D:2      | Noticed Robin
  1770 | D:2      | Killed Robin
  1789 | D:2      | Reached skill level 6 in Conjurations
  1968 | D:2      | Killed Sigmund
  1969 | D:2      | Gained mutation: Your magical nature lets you fly swiftly
                  | and evasively. [Tengu growth]
  1969 | D:2      | Reached XP level 5. HP: 25/28 MP: 9/10
  1969 | D:2      | Reached XP level 6. HP: 28/32 MP: 9/11
  2465 | D:2      | Found a faded altar of an unknown god.
  3509 | D:3      | Upgraded the game from 0.29-a0-25-g7f48f510a0 to
                  | 0.29-a0-43-g62a80824bf
  4008 | D:3      | Reached skill level 7 in Conjurations
  4008 | D:3      | Reached XP level 7. HP: 36/36 MP: 13/13
  4013 | D:3      | Learned a level 4 spell: Hailstorm
  5004 | D:4      | Noticed DrKleor's ghost (amateur DsFi)
  5008 | D:4      | Found a runed translucent gate.
  5008 | D:4      | Found a runed translucent gate.
  5023 | D:4      | Found a runed translucent gate.
  5600 | D:5      | Entered Level 5 of the Dungeon
  5665 | D:5      | Reached skill level 5 in Dodging
  5716 | D:5      | Noticed a yak
  5778 | D:5      | Noticed a yak
  5778 | D:5      | Noticed a yak
  6296 | D:5      | Identified the +3 scale mail of the Two of Pentacles {-Tele
                  | rC++}
  6409 | D:5      | Killed a yak
  6410 | D:5      | Reached skill level 5 in Stealth
  6410 | D:5      | Reached skill level 1 in Ice Magic
  6410 | D:5      | Reached XP level 8. HP: 41/41 MP: 11/15
  6432 | D:5      | Killed a yak
  6433 | D:5      | Reached skill level 8 in Conjurations
  6438 | D:5      | Learned a level 4 spell: Airstrike
  6442 | D:5      | Learned a level 3 spell: Swiftness
  6606 | D:5      | Reached skill level 1 in Air Magic
  6666 | D:5      | Found a staircase to the Ecumenical Temple.
  6686 | Temple   | Entered the Ecumenical Temple
  6732 | Temple   | Became a worshipper of Vehumet
  8023 | D:6      | Noticed Pikel
  8035 | D:6      | Killed Pikel
  8036 | D:6      | Reached skill level 9 in Conjurations
  8036 | D:6      | Reached XP level 9. HP: 40/45 MP: 16/16
  8904 | D:7      | Reached skill level 5 in Air Magic
  9124 | D:7      | Found a hazy altar of Hepliaklqana.
  9322 | D:7      | Reached skill level 10 in Conjurations
 10016 | D:8      | Reached * piety under Vehumet
 10016 | D:8      | Offered knowledge of Foxfire by Vehumet.
 10028 | D:8      | Noticed a polar bear
 10029 | D:8      | Found a huge runed translucent gate.
 10030 | D:8      | Found a huge runed translucent gate.
 10030 | D:8      | Found a huge runed translucent gate.
 10030 | D:8      | Found a huge runed translucent gate.
 10030 | D:8      | Noticed a death yak
 10030 | D:8      | Noticed a polar bear
 10030 | D:8      | Noticed a death yak
 10030 | D:8      | Noticed a death yak
 10032 | D:8      | Noticed a polar bear
 10032 | D:8      | Noticed a polar bear
 10834 | D:9      | Noticed Prince Ribbit
 10923 | D:9      | Noticed Grum
 10934 | D:9      | Killed Grum
 11469 | D:9      | Found Qireoc's General Store.
 11478 | D:9      | Reached XP level 10. HP: 50/50 MP: 18/18
 11492 | D:9      | Bought a scroll of fear for 42 gold pieces
 11731 | D:9      | Noticed a two-headed ogre
 11794 | D:9      | Killed a two-headed ogre
 11795 | D:9      | Reached skill level 5 in Spellcasting
 11795 | D:9      | Reached skill level 11 in Conjurations
 12102 | D:9      | Noticed a two-headed ogre
 12348 | D:9      | Killed a two-headed ogre
 12631 | D:9      | Killed Prince Ribbit
 12789 | D:10     | Entered Level 10 of the Dungeon
 12873 | D:10     | Reached skill level 1 in Fighting
 13019 | D:10     | Reached skill level 5 in Ice Magic
 13235 | D:10     | Killed an unseen horror
 13546 | D:10     | Reached skill level 12 in Conjurations
 13724 | D:9      | Reached XP level 11. HP: 58/58 MP: 19/19
 13986 | D:10     | Noticed a centaur warrior
 13999 | D:10     | Killed a centaur warrior
 14120 | D:10     | Noticed a catoblepas
 14137 | D:10     | Noticed a cyclops
 14146 | D:10     | Killed a cyclops
 14896 | D:10     | Noticed a centaur warrior
 15297 | D:10     | Shot with an arrow by a centaur warrior

Illustrated notes

Levels and vault maps discovered:
D:1:      lemuel_arrival_river_ford, layout_loops_ring, serial_aquarium,
          aquarium_bridge_straight [aquarium_subvault_bridge,
          aquarium_subvault_window, aquarium_subvault_bridge,
          aquarium_subvault_wall], aquarium_window_corner,
          aquarium_window_corridor_1, aquarium_window_fake, aquarium_window_1,
          aquarium_view_2f, aquarium_view_2c, aquarium_pool_1, serial_shops,
          nicolae_shop_trees
D:2:      layout_rooms, serial_shops, nicolae_shop_crystal,
          shapermc_ecumenical_altar_ellora, uniq_robin, uniq_sigmund
D:3:      layout_basic, chequers_serial_rivers_micro_d,
          minmay_misc_feat_more_columns, chequers_serial_rivers_small_b,
          minmay_lizard_king
D:4:      layout_cave_pools, gammafunk_ghost_split
D:5:      layout_rooms, minmay_temple_entry_statues_pillars
D:6:      layout_basic, uniq_pikel
D:7:      layout_loops_ring, nicolae_hepliaklqana_hippocampus, kennysheep_nub
D:8:      lemuel_bear_cage, layout_cave_pods
D:9:      layout_basic, kennysheep_path_1, kennysheep_windowed_goal, uniq_grum,
          uniq_prince_ribbit1
D:10:     nzn_winding_woodlands_medium [nzn_winding_woodlands_hourglass,
          nzn_winding_woodlands_5x15_pathside_ponds,
          nzn_winding_woodlands_5x5_three, nzn_winding_woodlands_5x5_default,
          nzn_winding_woodlands_center_garden,
          nzn_winding_woodlands_5x5_closed_star,
          nzn_winding_woodlands_5x5_perimeter,
          nzn_winding_woodlands_5x15_pockets,
          nzn_winding_woodlands_5x5_default], layout_gridville, minmay_nine_imps
Temple:   regret_index_temple_sigil_plot

Skill      XL: |  1  2  3  4  5  6  7  8  9 10 11 |
---------------+----------------------------------+-----
Dodging        | 3 4 5 6 8 9 |  9.6
Conjurations   | 6 7 9 10 12 | 12.3
Stealth        | 3 4 5 |  5.0
Spellcasting   | 3 4 5 |  5.3
Ice Magic      | 1 3 4 5 |  5.4
Air Magic      | 4 6 8 |  8.9
Fighting       | 2 3 |  3.2

Action                   |  1- 3 |  4- 6 |  7- 9 | 10-12 || total
-------------------------+-------+-------+-------+-------++-------
Melee: Staff             |       |     7 |       |     6 ||    13
       Peck              |       |     3 |       |     1 ||     4
       Kick              |       |     3 |       |       ||     3
       Dagger            |       |       |     2 |       ||     2
 Cast: Magic Dart        |    57 |    80 |   151 |    69 ||   357
       Searing Ray       |     3 |    10 |    57 |    28 ||    98
       Airstrike         |       |       |     3 |    43 ||    46
       Swiftness         |       |       |     2 |     7 ||     9
Evoke: Wand              |       |       |     3 |     1 ||     4
  Use: Scroll            |       |     2 |     1 |    14 ||    17
       Potion            |       |     1 |       |       ||     1
Armor: Robe              |     8 |     8 |     3 |    24 ||    43
Dodge: Dodged            |    21 |    28 |   139 |   198 ||   386

Table legend: (Time is in decaauts)
 A = Elapsed time spent in this place.
 B = Non-inter-level travel time spent in this place.
 C = Inter-level travel time spent in this place.
 D = Time resting spent in this place.
 E = Time spent auto-exploring this place.
 F = Levels seen in this place.
 G = Mean time per level.
                   A        B        C        D        E       F      G
               +--------+--------+--------+--------+--------+-----+--------+
         Total |  14639 |  13763 |    876 |   4309 |   6303 |  11 | 1330.8 |
       Dungeon |  14326 |  13487 |    839 |   4309 |   6050 |  10 | 1432.6 |
        Temple |    313 |    276 |     37 |      0 |    252 |   1 |  313.0 |
               +--------+--------+--------+--------+--------+-----+--------+

Top non-repeatable levels by time:
     D:9: 2713 daAuts
     D:3: 2308 daAuts
     D:1: 1608 daAuts
    D:10: 1301 daAuts
     D:7: 1283 daAuts
     D:6: 1255 daAuts
     D:8: 1206 daAuts
     D:2: 1017 daAuts
     D:5: 863 daAuts
     D:4: 769 daAuts
  Temple: 313 daAuts
